 Dungeon Crawl Stone Soup version 0.29-a0-344-ge2f44be95a (webtiles) character file.

Game seed: 16312521527072103747

18662 spaghetti the Spear-Bearer (level 12, -7/98 HPs)
             Began as a Naga Fighter on Apr 21, 2022.
             Was a Priest of Sif Muna.
             Mangled by a five-headed hydra (30 damage)
             ... on level 3 of the Lair of Beasts.
             The game lasted 00:32:23 (14245 turns).

spaghetti the Spear-Bearer (Naga Fighter)          Turns: 14245, Time: 00:32:23

Health: -7/98      AC: 15    Str: 23      XL:     12   Next: 60%
Magic:  21/21      EV:  1    Int:  9 (10) God:    Sif Muna [***...]
Gold:   602        SH:  0    Dex:  7 (8)  Spells: 11/11 levels left

rFire   . . .      SeeInvis +   q - +6 halberd (distort) {!wpolearm}
rCold   + . .      Faith    .   (shield currently unavailable)
rNeg    . . .      Spirit   .   A - +1 plate armour {rC+}
rPois   +          Reflect  .   (no helmet)
rElec   .          Harm     +   v - scarf {harm}
rCorr   .          Rampage  .   (no gloves)
Will    +....                   (no barding)
Stlth   ..........              p - amulet of regeneration {@e2}
HPRegen 1.06/turn               i - +4 ring of evasion
MPRegen 0.17/turn               M - +4 ring of protection

@: sleeping, hasted, very slow
A: AC +4, large, see invisible, deformed body, poison resistance, slowness 2,
spit poison 1, naga tail 1, stinger 1, clumsy 1, deterioration 1
a: Spit Poison, Renounce Religion, Channel Magic, Forget Spell


You were on level 3 of the Lair of Beasts.
You worshipped Sif Muna.
Sif Muna was most pleased with you.
You visited 2 branches of the dungeon, and saw 11 of its levels.
You also visited: Bailey and Gauntlet.

You collected 602 gold pieces.


Innate Abilities, Weirdness & Mutations

Your serpentine skin is tough. (AC +4)
You have supernaturally acute eyesight. (SInv)
Armour fits poorly on your strangely shaped body.
Your system is resistant to poisons. (rPois)
You cover ground very slowly.
You can spit poison.
You have a snake-like lower body.
Your tail ends in a venomous barb.
You are clumsy. (Dex -2)
Your body sometimes deteriorates upon taking damage.


   Skills:
 - Level 3.6 Fighting
 - Level 3.4(9.9) Axes
 + Level 14.2(14.4) Polearms
 - Level 8.0 Throwing
 - Level 3.0 Armour
 - Level 2.4 Shields
 - Level 12.0 Invocations


You had 11 spell levels left.
You didn't know any spells.
Your spell library contained the following spells:

 Spells                   Type           Power      Damage    Failure   Level
 Foxfire                  Conj/Fire      0%         2x1d4     100%        1
 Sting                    Tmut/Pois      0%         1d3       100%        1
 Ensorcelled Hibernation  Hex/Ice        0%         N/A       100%        2
 Passwall                 Tmut/Erth      0%         N/A       100%        2
 Poisonous Vapours        Pois/Air       0%         N/A       100%        2
 Conjure Flame            Conj/Fire      0%         6-21      100%        3
 Gell's Gravitas          Tloc           0%         N/A       100%        3
 Inner Flame              Hex/Fire       0%         N/A       100%        3
 Lesser Beckoning         Tloc           0%         N/A       100%        3
 Swiftness                Air            0%         N/A       100%        3
 Teleport Other           Tloc           0%         N/A       100%        3
 Flame Wave               Conj/Fire      0%         2d4       100%        4
 Olgreb's Toxic Radiance  Pois           0%         N/A       100%        4
 Fireball                 Conj/Fire      0%         3d3       100%        5
 Iskenderun's Battlesphe  Conj           0%         2d6       100%        5
 Summon Forest            Summ/Tloc      0%         N/A       100%        5
 Conjure Ball Lightning   Conj/Air       0%         3x3d6     100%        6
 Eringya's Noxious Bog    Tmut/Pois      0%         N/A       100%        6
 Iron Shot                Conj/Erth      0%         9d1       100%        6
 Orb of Destruction       Conj           0%         9d5       100%        7
 Spellforged Servitor     Conj/Summ      0%         N/A       100%        7
 Summon Hydra             Summ           0%         N/A       100%        7

Inventory:

Hand Weapons
 q - a +6 halberd of distortion (weapon) {!wpolearm}
   (You took it off a gnoll on level 3 of the Dungeon)
Missiles
 d - 3 throwing nets {=f!fthrowing}
 f - 375 stones (quivered) {throwing}
 j - 15 poisoned darts {throwing}
 n - 4 javelins {throwing}
 y - 7 boomerangs {throwing}
 K - 6 datura-tipped darts {throwing}
 Q - 5 curare-tipped darts {=fthrowing}
Armour
 b - a +0 scale mail
 u - a +0 chain mail
   (You found it on level 2 of the Dungeon)
 v - a scarf of harm (worn)
   (You found it on level 2 of the Dungeon)
 A - a +1 plate armour of cold resistance (worn)
   (You took it off an orc warrior on level 7 of the Dungeon)
 E - an orb of wrath
   (You found it on level 6 of the Dungeon)
 P - a +0 plate armour of fire resistance
   (You found it in a Gauntlet)
Magical Staves
 N - a staff of poison {!astaff}
   (You found it in a Gauntlet)
Jewellery
 i - a +4 ring of evasion (left hand)
   (You found it on level 1 of the Dungeon)
 p - an amulet of regeneration (around neck) {@e2}
   (You found it on level 2 of the Dungeon)
 w - a ring of positive energy
   (You found it on level 4 of the Dungeon)
 F - a ring of resist corrosion
   (You found it on level 7 of the Dungeon)
 I - a +4 ring of evasion
   (You found it on level 8 of the Dungeon)
 L - the ring of the Mage {Wiz Archmagi}
   (You found it on level 1 of the Lair of Beasts)

   [ring of wizardry]

   It improves your spell success rate.
   Archmagi:  It increases the power of your magical spells.
 M - a +4 ring of protection (right hand)
   (You found it in a Gauntlet)
 O - the ring "Riustrel" {Wiz Str+4}
   (You found it in a Gauntlet)

   [ring of wizardry]

   It improves your spell success rate.
   Str:       It affects your strength (+4).
Wands
 k - a wand of acid (9)
   (You found it on level 4 of the Dungeon)
 B - a wand of paralysis (13)
   (You found it on level 8 of the Dungeon)
 G - a wand of digging (7)
   (You found it in a Gauntlet)
 J - a wand of iceblast (8)
   (You found it on level 8 of the Dungeon)
Scrolls
 a - 3 scrolls of noise {!r}
 c - 4 scrolls of magic mapping {!r}
 h - 5 scrolls of teleportation {@r4}
 l - a scroll of amnesia
 m - 2 scrolls of brand weapon
 o - 3 scrolls of vulnerability {!r!r}
 s - 2 scrolls of fog
 x - 2 scrolls of holy word
 H - 2 scrolls of identify {@r1}
 S - a scroll of enchant armour
 T - a scroll of acquirement {unknown}
Potions
 e - 2 potions of magic
 g - a potion of haste {@q3}
 r - a potion of curing {@q1}
 t - 2 potions of ambrosia
 z - 5 potions of heal wounds {@q2}
 C - a potion of lignification {!q}
 D - 3 potions of flight
 R - 2 potions of might

Dungeon Overview and Level Annotations

Branches:
Dungeon (8/15)             Temple (0/1) D:6            Lair (3/6) D:8
 Bailey (visited)         Gauntlet (visited)
  Swamp: Lair:2-4    Shoals: Lair:2-4     Snake: Lair:2-4    Spider: Lair:2-4

Altars:
Dithmenos
Fedhas
Kikubaaqudgha
Ru
Sif Muna
The Shining One

Shops:
D:8 [

Annotations:
D:5 1 runed translucent door, indyram44's ghost, weakling GnDe
D:7 exclusion: 4 electric eels

#. #Y.. ..
##.##N.####...#..
P....Y......P#...
.................
................
..............#
##..Y#....PP...#
...##.@Y###...PP...#
#..!.SD##D...PP...#
#.....F.D.k...PP..#
....##.......<.......
... #......†........
.# ##P.....†......#
#....(.(.#......
##.......#####..
#..(....# .


You could see a six-headed hydra, a five-headed hydra, a black mamba, a naga, a
bullfrog and 4 dream sheep.


Message History

Done exploring.
Done exploring.
There is a stone staircase leading down, spattered with blood here.
You climb downwards.
The black mamba barely misses you. The bullfrog hits you.
The six-headed hydra closely misses you.
The six-headed hydra bites you but does no damage.
The six-headed hydra barely misses you. The six-headed hydra bites you. x2
The six-headed hydra bites you!
The five-headed hydra bites you but does no damage.
The five-headed hydra barely misses you.
The five-headed hydra bites you but does no damage.
The five-headed hydra bites you. The five-headed hydra bites you!
The black mamba bites you. The bullfrog barely misses you.
The six-headed hydra bites you.
The six-headed hydra closely misses you.
The six-headed hydra bites you but does no damage.
The six-headed hydra bites you!
* * * LOW HITPOINT WARNING * * *
The six-headed hydra bites you.
* * * LOW HITPOINT WARNING * * *
The six-headed hydra bites you!
* * * LOW HITPOINT WARNING * * *
The five-headed hydra bites you but does no damage.
The five-headed hydra bites you.
* * * LOW HITPOINT WARNING * * *
The five-headed hydra bites you but does no damage.
The five-headed hydra barely misses you.
The five-headed hydra bites you but does no damage.
The black mamba bites you but does no damage.
The bullfrog hits you but does no damage.
There is a stone staircase leading up, spattered with blood here. 😨 HP[-72]
You take 72 damage, and now have 26/98 hp.
MASSIVE DAMAGE!! (PAUSE)
Okay, then.
Okay, then.
You feel yourself speed up. The black mamba bites you.
* * * LOW HITPOINT WARNING * * *
A rime drake comes into view.
The bullfrog hits you but does no damage.
A cane toad comes into view.
The six-headed hydra bites you.
* * * LOW HITPOINT WARNING * * *
The six-headed hydra barely misses you.
The six-headed hydra bites you but does no damage.
The six-headed hydra bites you.
* * * LOW HITPOINT WARNING * * *
The six-headed hydra bites you but does no damage.
The six-headed hydra bites you.
* * * LOW HITPOINT WARNING * * *
The five-headed hydra barely misses you.
The five-headed hydra closely misses you.
The five-headed hydra bites you.
* * * LOW HITPOINT WARNING * * *
The five-headed hydra barely misses you.
The five-headed hydra bites you but does no damage. 😱 HP[-14]
You take 14 damage, and now have 12/98 hp.
Unknown command.
Unknown command.
Okay, then.
The bullfrog hits you but does no damage.
The black mamba closely misses you. 😱 HP[+1]
The bullfrog attacks as you move away!
The bullfrog hits you but does no damage.
The black mamba bites you but does no damage.
The bullfrog swells and bulges.
The bullfrog hits you but does no damage. 😱 HP[+1]
The black mamba bites you.
* * * LOW HITPOINT WARNING * * *
You are lethally poisoned!
The black mamba poisons you!
The black mamba bites you but does no damage. 😱 HP[-5]
You take 5 damage, and now have 9/98 hp.
Okay, then.
Okay, then.
You feel better.
The bullfrog hits you but does no damage.
The black mamba bites you but does no damage.
The bullfrog hits you but does no damage. 😱 HP[+9]
You regained 9 hp, and now have 18/98 hp. 😱 HP[+1]
A dream sheep comes into view.
A dream sheep comes into view. 😱 HP[+1] Unknown command.
Unknown command.
Unknown command.
Okay, then.
A naga and a dream sheep come into view.
The naga shouts!
The dream sheep bleats! x3
The dream sheep shake their wool and sparkle.
You feel drowsy...
You fall asleep.
A dream sheep comes into view.
The five-headed hydra bites you!!
You die...

Skill      XL: |  1  2  3  4  5  6  7  8  9 10 11 12 |
---------------+-------------------------------------+-----
Axes           | 3 |  3.4
Throwing       | 1 2 4 6 8 |  8.0
Armour         | 3 |  3.0
Polearms       | 3 4 5 6 8 9 12 14 | 14.2
Invocations    | 4 9 12 | 12.0
Fighting       | |  3.6
Shields        | |  2.4

Action                   |  1- 3 |  4- 6 |  7- 9 | 10-12 || total
-------------------------+-------+-------+-------+-------++-------
Melee: War axe           |    18 |       |       |       ||    18
       Whip              |    82 |    74 |       |       ||   156
       Halberd           |       |     5 |   238 |   259 ||   502
Throw: Stone             |    41 |    27 |   158 |   118 ||   344
       Throwing net      |       |     1 |       |     3 ||     4
       Dart              |       |       |     3 |       ||     3
 Cast: Summon Hydra      |       |       |       |     3 ||     3
Invok: Divine Exegesis   |       |       |       |     3 ||     3
 Abil: Spit Poison       |     1 |    17 |     4 |     6 ||    28
Evoke: Wand              |       |       |       |     3 ||     3
  Use: Potion            |     1 |     5 |     2 |    18 ||    26
       Scroll            |       |     9 |     7 |     7 ||    23
Armor: Scale mail        |    31 |     3 |       |       ||    34
       Chain mail        |       |    21 |    50 |       ||    71
       Plate armour      |       |       |    10 |   133 ||   143
       Skin              |       |       |     1 |       ||     1
Dodge: Dodged            |    43 |    52 |    98 |    95 ||   288
Block: Buckler           |    21 |    16 |       |       ||    37

Levels and vault maps discovered:
D:1:      onia_arrival_mini_maze_b, layout_loops_cross
D:2:      layout_rooms, ebering_ecumenical_altar_box, minivault_4,
          minmay_octomino_j4
D:3:      layout_loops_cross, uniq_sigmund, uniq_terence
D:4:      layout_loops_ring, nicolae_tso_swordbearing_angel,
          nicolae_ru_awakened_eye
D:5:      layout_rooms, ebering_ghost_sewer_d
D:6:      layout_loops_corners, marbit_many_paths,
          lemuel_coloured_pillars_altar, minmay_temple_entry_trees,
          portal_sewer_entry_c, lexackson_kobold_supper
D:7:      layout_basic, nicolae_kikubaaqudgha_miasma_corner,
          grunt_decor_mini_mirrors, kennysheep_donut, serial_bayou_lagoon_b,
          uniq_menkaure
D:8:      layout_basic, david_lair_shrubbed, enter_bailey_2, serial_shops,
          kennysheep_little_box, serial_glass, glass_columns_a, glass_columns_a,
          minmay_stone_trees_medium, minmay_liquid_box, kennysheep_cross_room,
          st_stairs_7
Lair:1:   layout_concentric_octagons, gauntlet_entry_generic,
          minmay_stone_trees_small, chequers_serial_rivers_room_b,
          hibernation_bobbens, uniq_nergalle
Lair:2:   layout_regular_city, grunt_megastairs_1, uniq_sonja
Lair:3:   layout_gridlike, minmay_snake_entry_guardpost_small,
          minmay_shattered_shrine, infiniplex_staircase_pool

Notes
Turn   | Place    | Note
-------+----------+-------------------------------------------
     0 | D:1      | spaghetti the Naga Fighter began the quest for the Orb.
     0 | D:1      | Reached XP level 1. HP: 21/21 MP: 1/1
     0 | D:1      | magus.rc [v1.9.6]
   185 | D:1      | You pick up a book of the Spheres and begin reading...
   185 | D:1      | You add the spells Iskenderun's Battlesphere, Fireball,
                  | Conjure Ball Lightning and Orb of Destruction to your
                  | library.
   321 | D:1      | Reached XP level 2. HP: 28/28 MP: 2/2
   924 | D:2      | Reached XP level 3. HP: 34/34 MP: 3/3
  1044 | D:2      | Found a faded altar of an unknown god.
  1052 | D:2      | Prayed at the altar of an unknown god.
  1052 | D:2      | Became a worshipper of Sif Muna the Loreminder
  1052 | D:2      | Reached * piety under Sif Muna
  1119 | D:2      | Reached skill level 3 in Axes
  1132 | D:2      | You add the spells Summon Forest, Eringya's Noxious Bog and
                  | Summon Hydra to your library.
  1357 | D:2      | Reached XP level 4. HP: 42/42 MP: 4/4
  1366 | D:2      | Reached skill level 1 in Throwing
  2240 | D:2      | Reached skill level 3 in Armour
  2525 | D:3      | Reached ** piety under Sif Muna
  2688 | D:3      | Reached XP level 5. HP: 49/49 MP: 5/5
  2804 | D:3      | Reached skill level 1 in Polearms
  3027 | D:2      | Reached skill level 2 in Polearms
  3355 | D:3      | Noticed a centaur
  3364 | D:3      | Killed a centaur
  3365 | D:3      | Reached skill level 3 in Polearms
  3365 | D:3      | Reached XP level 6. HP: 35/56 MP: 6/6
  3485 | D:3      | Reached skill level 4 in Polearms
  3637 | D:3      | Noticed Sigmund
  3640 | D:3      | Killed Sigmund
  3641 | D:3      | Reached skill level 2 in Throwing
  3641 | D:3      | Reached XP level 7. HP: 60/62 MP: 7/7
  4068 | D:3      | Noticed Terence
  4076 | D:3      | Killed Terence
  4686 | D:4      | Reached skill level 3 in Throwing
  4892 | D:4      | Reached skill level 5 in Polearms
  5090 | D:4      | Found a glowing golden altar of the Shining One.
  5251 | D:4      | Found a sacrificial altar of Ru.
  5259 | D:4      | Reached *** piety under Sif Muna
  5276 | D:4      | Reached skill level 4 in Throwing
  5690 | D:5      | Entered Level 5 of the Dungeon
  5886 | D:5      | Reached XP level 8. HP: 67/70 MP: 8/8
  6052 | D:5      | You pick up a book of Displacement and begin reading...
  6052 | D:5      | You add the spells Lesser Beckoning, Gell's Gravitas and
                  | Teleport Other to your library.
  6294 | D:5      | Reached skill level 5 in Throwing
  6373 | D:5      | Reached skill level 6 in Polearms
  6419 | D:5      | Found a runed translucent door.
  6422 | D:5      | Noticed indyram44's ghost (weakling GnDe)
  6613 | D:6      | Reached skill level 6 in Throwing
  6676 | D:6      | Found a glowing drain.
  6998 | D:6      | Found a shadowy altar of Dithmenos.
  7031 | D:6      | You add the spells Sting, Poisonous Vapours and Olgreb's
                  | Toxic Radiance to your library.
  7070 | D:6      | Reached XP level 9. HP: 61/76 MP: 9/9
  7269 | D:6      | Reached skill level 7 in Throwing
  7271 | D:6      | Found a blossoming altar of Fedhas.
  7331 | D:6      | Found a staircase to the Ecumenical Temple.
  7359 | D:6      | You pick up a book of Burglary and begin reading...
  7359 | D:6      | You add the spells Passwall, Ensorcelled Hibernation and
                  | Swiftness to your library.
  7368 | D:6      | Reached skill level 7 in Polearms
  7483 | D:6      | Gained mutation: You passively map a small area around you.
                  | [potion of mutation]
  7926 | D:7      | Noticed a gargoyle
  7936 | D:7      | Killed a gargoyle
  8207 | D:7      | Reached skill level 8 in Throwing
  8214 | D:7      | Reached **** piety under Sif Muna
  8243 | D:7      | Reached skill level 1 in Invocations
  8574 | D:7      | Found an ancient bone altar of Kikubaaqudgha.
  8594 | D:7      | Reached skill level 2 in Invocations
  8663 | D:7      | Reached skill level 8 in Polearms
  8693 | D:7      | Reached skill level 3 in Invocations
  8849 | D:8      | Found a flagged portal.
  8860 | Bailey   | Entered a bailey
  8954 | Bailey   | Reached skill level 4 in Invocations
  9016 | Bailey   | Reached XP level 10. HP: 84/84 MP: 13/13
  9021 | Bailey   | Reached skill level 5 in Invocations
  9056 | Bailey   | Noticed a vault guard
  9056 | Bailey   | Noticed Prince Ribbit
  9071 | Bailey   | HP: 20/84 [vault guard/+0 broad axe (18)]
  9076 | Bailey   | Killed a vault guard
  9077 | Bailey   | Reached skill level 6 in Invocations
  9086 | Bailey   | Killed Prince Ribbit
  9087 | Bailey   | Reached skill level 9 in Polearms
  9165 | Bailey   | Noticed a vault guard
  9187 | Bailey   | Killed a vault guard
  9188 | Bailey   | Reached skill level 7 in Invocations
  9198 | Bailey   | Lost mutation: You passively map a small area around you.
                  | [potion of mutation]
  9198 | Bailey   | Gained mutation: Your body sometimes deteriorates upon
                  | taking damage. [potion of mutation]
  9198 | Bailey   | Gained mutation: You are clumsy. (Dex -2) [potion of
                  | mutation]
  9198 | Bailey   | Gained mutation: You expend magic power (3 MP) to
                  | strengthen your wands. [potion of mutation]
  9199 | Bailey   | Lost mutation: You are clumsy. (Dex -2) [potion of
                  | mutation]
  9199 | Bailey   | Lost mutation: Your body sometimes deteriorates upon taking
                  | damage. [potion of mutation]
  9199 | Bailey   | Gained mutation: Your body sometimes deteriorates upon
                  | taking damage. [potion of mutation]
  9199 | Bailey   | Gained mutation: You are dopey. (Int -2) [potion of
                  | mutation]
 10466 | D:8      | Reached skill level 8 in Invocations
 10475 | D:8      | Found a staircase to the Lair.
 10675 | D:8      | Found Pefuq's Armour Emporium.
 10742 | Lair:1   | Entered Level 1 of the Lair of Beasts
 10742 | Lair:1   | Found the ring of the Mage {Wiz Archmagi}
 10783 | Lair:1   | Found a gate leading to a gauntlet.
 10802 | Gauntlet | Entered a Gauntlet
 10802 | Gauntlet | Found a transporter.
 10805 | Gauntlet | Noticed an elephant
 10805 | Gauntlet | Noticed an elephant
 10805 | Gauntlet | Noticed an elephant
 10805 | Gauntlet | Noticed an elephant
 10805 | Gauntlet | Noticed an elephant
 10806 | Gauntlet | Noticed a torpor snail
 10808 | Gauntlet | Killed an elephant
 10809 | Gauntlet | Reached skill level 9 in Invocations
 10813 | Gauntlet | Noticed an elephant
 10819 | Gauntlet | Killed an elephant
 10820 | Gauntlet | Reached XP level 11. HP: 54/90 MP: 16/18
 10821 | Gauntlet | Reached skill level 10 in Polearms
 10824 | Gauntlet | Reached skill level 10 in Invocations
 10835 | Gauntlet | Noticed a wizard
 10988 | Gauntlet | Found a transporter.
 10988 | Gauntlet | Found a transporter.
 10989 | Gauntlet | Found a transporter.
 10992 | Gauntlet | Noticed a purple ugly thing
 10998 | Gauntlet | Found a transporter.
 11018 | Gauntlet | Found a transporter.
 11028 | Gauntlet | Noticed a great orb of eyes
 11028 | Gauntlet | Noticed a purple ugly thing
 11043 | Gauntlet | Noticed a hell hog
 11044 | Gauntlet | Found a transporter.
 11046 | Gauntlet | Noticed a catoblepas
 11050 | Gauntlet | Banished a catoblepas
 11064 | Gauntlet | Found a transporter.
 11136 | Gauntlet | Reached skill level 11 in Invocations
 11200 | Gauntlet | Found a transporter.
 11356 | Gauntlet | Found a transporter.
 11525 | Gauntlet | Identified the ring "Riustrel" {Wiz Str+4}
 11552 | Gauntlet | Noticed an obsidian statue
 11552 | Gauntlet | Found a transporter.
 11559 | Gauntlet | Noticed a minotaur
 11570 | Gauntlet | HP: 21/90 [minotaur/sling bullet (34)]
 11575 | Gauntlet | Banished a minotaur
 11737 | Gauntlet | Found a transporter.
 11781 | Lair:1   | Reached skill level 11 in Polearms
 11788 | Lair:1   | Reached skill level 12 in Invocations
 12042 | Lair:1   | You pick up a book of Flames and begin reading...
 12042 | Lair:1   | You add the spells Foxfire, Conjure Flame, Inner Flame and
                  | Flame Wave to your library.
 12105 | Lair:1   | Noticed Nergalle
 12137 | Lair:1   | Killed Nergalle
 12138 | Lair:1   | Reached skill level 12 in Polearms
 12138 | Lair:1   | Reached XP level 12. HP: 55/98 MP: 21/21
 12604 | Lair:2   | Noticed Sonja
 12819 | Lair:2   | Killed Sonja
 12820 | Lair:2   | Reached skill level 13 in Polearms
 13558 | Lair:2   | You pick up a book of Power and begin reading...
 13558 | Lair:2   | You add the spells Iron Shot and Spellforged Servitor to
                  | your library.
 13631 | Lair:2   | Lost mutation: You are dopey. (Int -2) [potion of mutation]
 13631 | Lair:2   | Lost mutation: You expend magic power (3 MP) to strengthen
                  | your wands. [potion of mutation]
 13631 | Lair:2   | Gained mutation: You are clumsy. (Dex -2) [potion of
                  | mutation]
 13631 | Lair:2   | Gained mutation: Your tail ends in a venomous barb. [potion
                  | of mutation]
 13738 | Lair:2   | You pick up a book of Burglary and begin reading...
 14151 | Lair:3   | Noticed a six-headed hydra
 14151 | Lair:3   | Noticed a five-headed hydra
 14155 | Lair:3   | Reached skill level 14 in Polearms
 14158 | Lair:2   | HP: 19/98 [komodo dragon (9)]
 14236 | Lair:3   | HP: 23/98 [black mamba (4)]
 14239 | Lair:3   | HP: 9/98 [black mamba (6)]
 14245 | Lair:3   | Mangled by a five-headed hydra

Vanquished Creatures
  2 vault guards (Bailey)
  Sonja (Lair:2)
  Nergalle (Lair:1)
  5 elephants (Gauntlet)
  2 gargoyles
  A torpor snail (Gauntlet)
  2 cane toads
  3 komodo dragons
  A rime drake (Lair:2)
  A minotaur zombie (Gauntlet)
  4 blink frogs
  Sigmund (D:3)
  2 centaur simulacra (Gauntlet)
  17 yaks
  A harpy simulacrum (Gauntlet)
  5 water moccasins
  2 black bears
  A meliai simulacrum (Gauntlet)
  An ice beast (D:6)
  2 orc warriors
  An ice dragon simulacrum (Gauntlet)
  A sky beast (D:6)
  9 centaurs
  A kobold brigand (D:6)
  12 bullfrogs
  3 wights (D:7)
  A howler monkey (D:8)
  An electric eel (D:7)
  3 hounds
  An orc priest (D:5)
  2 gnoll shamans
  3 jellies
  3 iguanas
  Terence (D:3)
  5 orc wizards
  26 gnolls
  6 adders
  2 ufetubi
  2 worms
  2 dart slugs
  33 orcs
  7 endoplasms
  5 giant cockroaches
  7 hobgoblins
  3 jackals (D:3)
  15 kobolds
  4 quokkas
  4 ball pythons
  6 bats
  2 frilled lizards
  10 goblins
  5 rats
241 creatures vanquished.

Vanquished Creatures (collateral kills)
  2 cane toads
  A komodo dragon (Lair:2)
  Prince Ribbit (Bailey)
  2 blink frogs
  4 yaks (Lair:1)
10 creatures vanquished.

Vanquished Creatures (others)
  24 demonic plants (Gauntlet)
  12 fungi (Lair:2)
  68 plants
104 creatures vanquished.

Grand Total: 355 creatures vanquished

Table legend:
 A = Non-vault XP
 B = Vault XP
 C = Vault XP percentage of total XP
 D = Non-vault monster count
 E = Vault monster count
 F = Vault count percentage of total count
                 A         B        C        D         E       F
            +---------+---------+-------+---------+---------+-------
      Total |   14374 |   12286 |  46.1 |     209 |      51 |  19.6
            +---------+---------+-------+---------+---------+-------
        D:1 |      30 |       0 |   0.0 |      19 |       0 |   0.0
        D:2 |     138 |       5 |   3.5 |      28 |       3 |   9.7
        D:3 |     320 |     259 |  44.7 |      28 |       2 |   6.7
        D:4 |     373 |       0 |   0.0 |      24 |       0 |   0.0
        D:5 |     645 |       0 |   0.0 |      21 |       0 |   0.0
        D:6 |     684 |     149 |  17.9 |      12 |       7 |  36.8
        D:7 |    1446 |       0 |   0.0 |      22 |       0 |   0.0
        D:8 |     810 |     383 |  32.1 |       9 |       1 |  10.0
     Lair:1 |    4917 |     761 |  13.4 |      22 |       1 |   4.3
     Lair:2 |    4206 |    1272 |  23.2 |      20 |       3 |  13.0
     Lair:3 |     805 |       0 |   0.0 |       4 |       0 |   0.0
     Bailey |       0 |    2699 | 100.0 |       0 |      18 | 100.0
   Gauntlet |       0 |    6758 | 100.0 |       0 |      16 | 100.0
            +---------+---------+-------+---------+---------+-------

Illustrated notes

Table legend:
 A = Kills in this place as a percentage of kills in entire the game.
 B = Kills by you in this place as a percentage of kills by you in the entire game.
 C = Kills by friends in this place as a percentage of kills by friends in the entire game.
 D = Other kills in this place as a percentage of other kills in the entire game.
 E = Experience gained in this place as a percentage of experience gained in the entire game.
 F = Experience gained in this place divided by the number of levels of this place that you have seen.
                   A       B       C       D       E      F
               +-------+-------+-------+-------+-------+----------------------
         Total | 100.0 | 100.0 | 100.0 | 100.0 | 100.0 | 2050.8
       Dungeon |  67.7 |  72.2 |   0.0 |  22.2 |  19.7 | 655.2
          Lair |  19.2 |  16.2 |  90.0 |  22.2 |  44.9 | 3987.0
        Bailey |   6.9 |   6.2 |  10.0 |  22.2 |  10.1 | 2699.0
      Gauntlet |   6.2 |   5.4 |   0.0 |  33.3 |  25.3 | 6758.0
               +-------+-------+-------+-------+-------+----------------------

Table legend: (Time is in decaauts)
 A = Elapsed time spent in this place.
 B = Non-inter-level travel time spent in this place.
 C = Inter-level travel time spent in this place.
 D = Time resting spent in this place.
 E = Time spent auto-exploring this place.
 F = Levels seen in this place.
 G = Mean time per level.
                   A        B        C        D        E       F      G
               +--------+--------+--------+--------+--------+-----+--------+
         Total |  17276 |  15964 |   1312 |   4593 |   8844 |  13 | 1328.9 |
       Dungeon |  12695 |  11476 |   1219 |   3069 |   6820 |   8 | 1586.9 |
          Lair |   3032 |   2940 |     92 |    798 |   1797 |   3 | 1010.7 |
        Bailey |    488 |    488 |      0 |    167 |    138 |   1 |  488.0 |
      Gauntlet |   1061 |   1061 |      0 |    558 |     88 |   1 | 1061.0 |
               +--------+--------+--------+--------+--------+-----+--------+

Top non-repeatable levels by time:
     D:3: 2373 daAuts
     D:2: 2000 daAuts
  Lair:2: 1821 daAuts
     D:8: 1794 daAuts
     D:4: 1691 daAuts
     D:6: 1639 daAuts
     D:7: 1251 daAuts
  Lair:1: 1185 daAuts
     D:1: 1136 daAuts
Gauntlet: 1061 daAuts
     D:5: 808 daAuts
  Bailey: 488 daAuts
  Lair:3: 24 daAuts
